 Dungeon Crawl Stone Soup version 0.17.1-1-g73c8601 (webtiles) character file.

683 Mysteryquy the Shield-Bearer (level 7, 0/71 HPs)
             Began as a Troll Fighter on Jan 7, 2016.
             Succumbed to a water moccasin's poison
             ... on level 5 of the Dungeon.
             The game lasted 00:08:38 (3491 turns).

Mysteryquy the Shield-Bearer (Troll Fighter)        Turns: 3491, Time: 00:08:38

Health: 0/71       AC:  5    Str: 27      XL:     7   Next: 35%
Magic:  6/6        EV: 14    Int:  4      God:
Gold:   216        SH: 10    Dex: 12 (14) Spells: 0 memorised, 6 levels left

rFire  . . .     SeeInvis .       - Unarmed
rCold  . . .     Clarity  .     a - +0 robe
rNeg   . . .     SustAt   .     b - +0 shield
rPois  .         Gourm    +     (helmet restricted)
rElec  .         Spirit   .     (no cloak)
rCorr  .         Warding  .     (gloves unavailable)
rMut   .         Stasis   .     (boots unavailable)
MR     .....                    (no amulet)
Stlth  ++........               (no ring)
                                (no ring)

@: agile, lethally poisoned (0 -> -14), flying, fainting, not resistant to
hostile enchantments, unstealthy
A: unfitting armour, claws 3, fast metabolism 3, gourmand, regeneration 2,
shaggy fur 1, tough skin 2
a: no special abilities


You were on level 5 of the Dungeon.
You were fainting.

You visited 1 branch of the dungeon, and saw 5 of its levels.

You collected 216 gold pieces.

Inventory:

Armour
 a - a +0 robe (worn)
 b - a +0 shield (worn)
Wands
 x - a wand of digging (16)
 y - a wand of confusion (7)
Scrolls
 g - 4 scrolls of recharging {unknown}
 h - 2 scrolls of enchant weapon {unknown}
 i - 5 scrolls of remove curse {unknown}
 l - 2 scrolls of magic mapping {unknown}
 n - a scroll of fear {unknown}
 q - a scroll of immolation {unknown}
 r - 3 scrolls of identify {unknown}
 v - a scroll of teleportation {unknown}
Potions
 c - a potion of might
 j - a potion of haste {unknown}
 k - a potion of resistance {unknown}
 m - a potion of flight
 p - a potion of curing {unknown}
 s - a potion of degeneration {unknown}
 t - a potion of poison {unknown}
 w - 2 potions of heal wounds {unknown}
 z - a potion of mutation {unknown}
 A - a potion of ambrosia {unknown}
Comestibles
 d - 4 bread rations
 f - 2 beef jerkies
 o - a meat ration
 u - a slice of pizza


   Skills:
 + Level 4.9 Fighting
 - Level 2.4 Dodging
 - Level 1.0 Stealth
 + Level 5.4 Shields
 - Level 2.0 Unarmed Combat


You had 6 spell levels left.
You didn't know any spells.

Dungeon Overview and Level Annotations

Branches:
Dungeon (5/15)
 Temple: D:4-7

Altars:
Cheibriados
Elyvilon
Gozag
Nemelex Xobeh
Ru
Sif Muna
Trog
Yredelemnul
The Shining One


Innate Abilities, Weirdness & Mutations

You are too large for most types of armour.
You have claws for hands.
Your metabolism is lightning-fast.
You like to eat raw meat.
You heal very quickly.
You are covered in fur (AC +1).
You have very tough skin (AC +2).


Message History

You are lethally poisoned!
The water moccasin poisons you!
You closely miss the water moccasin.
The water moccasin is moderately wounded.
* * * LOW HITPOINT WARNING * * *
You feel very sick. The water moccasin bites you!
* * * LOW HITPOINT WARNING * * *
The water moccasin bites you.
* * * LOW HITPOINT WARNING * * *
Drink which item? (? for menu, Esc to quit)
It was a potion of agility.
You feel agile all of a sudden.
* * * LOW HITPOINT WARNING * * *
You feel sick. You block the water moccasin's attack.
Drink which item? (? for menu, Esc to quit)
It was a potion of flight.
You feel very buoyant.
You fly up into the air.
You die...

#........#
##........#
..........#
##.......)# ###
........%.+......
..........#.......
.$........#.......
......S@..#.......
..................
...###............ .
#...........
#.......###
#.......#
####......=#
#..........# .#
#......#'#######.###


You could see a water moccasin.

Vanquished Creatures
  Eustachio (D:4)
  The ghost of Mysteryquy the Magician, an amateur OpWz (D:3)
  Purgy (D:4)
  A scorpion (D:4)
  2 hound skeletons
  9 gnolls
  11 adders
  An ooze (D:3)
  2 worms
  7 giant geckos
  An orc (D:3)
  8 hobgoblins
  6 kobolds
  A quokka (D:4)
  A ball python (D:1)
  7 bats
  7 giant cockroaches
  6 giant newts
  2 goblins
  6 rats
81 creatures vanquished.

Vanquished Creatures (others)
  An adder (D:3)
1 creature vanquished.

Grand Total: 82 creatures vanquished

Notes
Turn   | Place    | Note
--------------------------------------------------------------
     0 | D:1      | Mysteryquy the Troll Fighter began the quest for the Orb.
     0 | D:1      | Reached XP level 1. HP: 22/22 MP: 0/0
   175 | D:1      | Reached XP level 2. HP: 29/29 MP: 1/1
   305 | D:1      | Reached skill level 3 in Shields
   411 | D:1      | Reached XP level 3. HP: 36/36 MP: 2/2
  1113 | D:2      | Found a glowing golden altar of the Shining One.
  1233 | D:2      | Reached XP level 4. HP: 45/45 MP: 3/3
  1342 | D:2      | Found an opulent altar of Gozag.
  1592 | D:3      | Found a sacrificial altar of Ru.
  1595 | D:3      | Found a deep blue altar of Sif Muna.
  1595 | D:3      | Found a bloodstained altar of Trog.
  1600 | D:3      | Found a sparkling altar of Nemelex Xobeh.
  1760 | D:3      | Reached XP level 5. HP: 53/53 MP: 4/4
  1764 | D:3      | Found a basalt altar of Yredelemnul.
  1836 | D:3      | Found a white marble altar of Elyvilon.
  2002 | D:3      | Noticed Mysteryquy's ghost (amateur OpWz)
  2004 | D:3      | Reached skill level 4 in Shields
  2015 | D:3      | Found a snail-covered altar of Cheibriados.
  2035 | D:3      | Killed Mysteryquy's ghost
  2035 | D:3      | Reached skill level 1 in Stealth
  2035 | D:3      | Reached XP level 6. HP: 52/62 MP: 5/5
  2372 | D:3      | HP: 3/62 [gnoll/halberd (5)]
  2581 | D:4      | Noticed Purgy
  2595 | D:4      | Killed Purgy
  2908 | D:4      | Reached skill level 5 in Shields
  2987 | D:4      | Noticed Eustachio
  3034 | D:4      | Reached XP level 7. HP: 56/71 MP: 6/6
  3182 | D:4      | Killed Eustachio
  3393 | D:5      | Entered Level 5 of the Dungeon
  3489 | D:5      | HP: 2/71 [water moccasin (2)]
  3491 | D:5      | Succumbed to a water moccasin's poison

Action                   |  1- 3 |  4- 6 |  7- 9 || total
-------------------------+-------+-------+-------++-------
Melee: Unarmed           |   115 |   203 |    78 ||   396
  Use: Potion            |       |       |     2 ||     2
 Stab: Sleeping          |       |     3 |       ||     3
  Eat: Chunk             |    17 |    10 |       ||    27
